 Dungeon Crawl Stone Soup version 0.28-a0-1506-g3893175d92 (webtiles) character file.

Game seed: 10128122363492885750

700 meatgazer the Distorting Demonspawn (level 7, -3/53 (55) HPs)
             Began as a Demonspawn Abyssal Knight on Dec 13, 2021.
             Was a Believer of Lugonu.
             Slain by an orc (4 damage)
             ... on level 4 of the Dungeon on Jan 13, 2022.
             The game lasted 00:05:26 (3255 turns).

meatgazer the Distorting Demonspawn (DsAK)          Turns: 3255, Time: 00:05:26

HP:   -3/53 (55)    AC:  3    Str: 15    XL:     7   Next: 38%
MP:   11/11         EV: 12    Int: 12    God:    Lugonu [**....]
Gold: 157           SH:  0    Dex: 13    Spells: 6/6 levels left

rFire   . . .      SeeInvis .   a - +1 falchion
rCold   . . .      Faith    .   (no shield)
rNeg    . . .      Spirit   .   b - +0 leather armour
rPois   .          Reflect  .   (no helmet)
rElec   .          Harm     .   (no cloak)
rCorr   .          Rampage  .   (no gloves)
Will    .....                   (no boots)
Stlth   +.........              (no amulet)
HPRegen 0.17/turn               (no ring)
MPRegen 0.12/turn               (no ring)

@: brilliant, about to teleport, lightly drained
A: ignite blood 1, powered by death 1
a: Renounce Religion, Depart the Abyss, Bend Space


You were on level 4 of the Dungeon.
You worshipped Lugonu.
Lugonu was pleased with you.
You visited 1 branch of the dungeon, and saw 4 of its levels.
You visited the Abyss 1 time.

You collected 157 gold pieces.

Inventory:

Hand Weapons
 a - a +1 falchion (weapon)
Armour
 b - a +0 leather armour (worn)
 e - a +0 buckler
Wands
 f - a wand of mindburst (17)
Potions
 c - a potion of curing


   Skills:
 + Level 4.9 Fighting
 + Level 3.8 Long Blades
 - Level 3.1 Armour
 - Level 2.6 Dodging
 + Level 1.8 Shields
 + Level 5.3 Invocations


You had 6 spell levels left.
You didn't know any spells.
Your spell library contained the following spells:

 Spells                   Type           Power      Damage    Failure   Level
 Animate Skeleton         Necr           0%         N/A       38%         1
 Pain                     Necr           0%         1d4       38%         1
 Slow                     Hex            0%         N/A       38%         1
 Vampiric Draining        Necr           0%         2d6       77%         3


Dungeon Overview and Level Annotations

Branches:
Dungeon (4/15)
 Temple: D:4-7

Altars:


Innate Abilities, Weirdness & Mutations

Your demonic aura sometimes causes spilled blood to erupt in flames.
You regenerate a little health from kills.


Message History

You are too injured to fight recklessly!
You are too injured to fight recklessly!
You are too injured to fight recklessly!
You are too injured to fight recklessly!
You are too injured to fight recklessly!
You are too injured to fight recklessly!
You are too injured to fight recklessly!
You are too injured to fight recklessly!
You are too injured to fight recklessly!
You are too injured to fight recklessly!
You are too injured to fight recklessly!
You are too injured to fight recklessly!
You are too injured to fight recklessly!
You are too injured to fight recklessly!
You are too injured to fight recklessly!
You closely miss the orc.
The orc is almost dead.
The orc hits you with a +0 mace. The orc barely misses you.
The orc priest miscasts a cantrip.
You hit the orc priest but do no damage.
The orc priest is moderately wounded.
The orc hits you but does no damage. The orc closely misses you.
The orc priest calls upon Beogh to heal the orc.
The orc's wounds heal themselves!
It was a potion of brilliance.
You feel clever all of a sudden. The orc hits you with a +0 falchion.
* * * LOW HITPOINT WARNING * * *
The orc priest hits you with a +0 flail!
* * * LOW HITPOINT WARNING * * *
Okay, then.
As you read the scroll of teleportation, it crumbles to dust.
You feel strangely unstable. The orc closely misses you. Something hits you.
* * * LOW HITPOINT WARNING * * *
You feel drained.
The orc priest invokes the aid of Beogh against you.
Pain shoots through your body!
* * * LOW HITPOINT WARNING * * *
The orc hits you with a +0 falchion.
You die...

##.## #####...#.
......... .# . ..#...#
#.## ..# #.##.#####
...## .. #........
....#
#.###..#..#######....
#.##.o.o....#.......#.#
.....oo○@.#...).)..(..#
##..####..##.###.##.).#
....##.# #.##...###
....$###.# #.##.....#
..####.# #.. ..###..#.#
. #.. ... ### #..# #
### ##.# #..# .# #..#
.######..#


You could see an orc priest and 3 orcs.

Vanquished Creatures
  Sigmund (D:3)
  An ogre (D:4)
  A howler monkey (D:3)
  An adder (D:2)
  2 worms
  2 dart slugs
  6 ball pythons
  4 bats
  8 endoplasms
  A giant cockroach (D:3)
  4 goblins
  2 hobgoblins
  10 jackals
  7 kobolds
  A quokka (D:1)
  5 frilled lizards
  7 rats
63 creatures vanquished.

Vanquished Creatures (collateral kills)
  A blink frog (Abyss:3)
  A neqoxec (Abyss:3)
2 creatures vanquished.

Grand Total: 65 creatures vanquished

Notes
Turn   | Place    | Note
-------+----------+-------------------------------------------
     0 | Abyss:1  | meatgazer the Demonspawn Abyssal Knight began the quest for
                  | the Orb.
     0 | Abyss:1  | Reached XP level 1. HP: 18/18 MP: 2/2
   146 | Abyss:3  | Noticed a neqoxec
   153 | Abyss:3  | Killed a neqoxec
   154 | Abyss:3  | Reached skill level 3 in Invocations
   154 | Abyss:3  | Gained mutation: You regenerate a little health from kills.
                  | [demonic ancestry]
   154 | Abyss:3  | Reached XP level 2. HP: 25/25 MP: 2/4
   154 | Abyss:3  | Reached XP level 3. HP: 30/30 MP: 2/5
   154 | Abyss:3  | Reached XP level 4. HP: 37/37 MP: 2/6
   154 | Abyss:3  | Reached XP level 5. HP: 42/42 MP: 2/7
   157 | Abyss:3  | Noticed a blink frog
   158 | Abyss:3  | Noticed a blink frog
   159 | Abyss:3  | Noticed a blink frog
   161 | Abyss:3  | Noticed a blink frog
   165 | Abyss:3  | Killed a blink frog
   165 | Abyss:3  | Noticed a blink frog
   166 | Abyss:3  | Reached skill level 4 in Invocations
   166 | Abyss:3  | Gained mutation: Your demonic aura sometimes causes spilled
                  | blood to erupt in flames. [demonic ancestry]
   166 | Abyss:3  | Reached XP level 6. HP: 29/48 MP: 3/9
   171 | Abyss:3  | Noticed a starcursed mass
   172 | D:1      | Escaped the Abyss
   477 | D:1      | Found a faded altar of an unknown god.
   485 | D:1      | Got Plato's Catalogue of Hexes
   744 | D:1      | Reached ** piety under Lugonu
  1063 | D:2      | Upgraded the game from 0.28-a0-1143-gcf6077d4cc to
                  | 0.28-a0-1389-gc726bef33b
  1777 | D:2      | Upgraded the game from 0.28-a0-1389-gc726bef33b to
                  | 0.28-a0-1506-g3893175d92
  1802 | D:3      | Noticed Sigmund
  1814 | D:3      | Killed Sigmund
  1815 | D:3      | Reached skill level 1 in Shields
  1815 | D:3      | Reached skill level 5 in Invocations
  1815 | D:3      | Reached XP level 7. HP: 27/55 MP: 10/10
  3254 | D:4      | HP: 1/53 [orc priest/nerve-wracking pain (2)]
  3255 | D:4      | Slain by an orc

Illustrated notes

Levels and vault maps discovered:
D:1:      sevenhm_arrival_forest_fort_small_3, layout_basic,
          shapermc_ecumenical_altar_rom_forum
D:2:      layout_basic, guppyfry_early_lair_pool
D:3:      layout_basic, uniq_sigmund
D:4:      layout_loops_ring, nemelex_xobeh_ov_fountains_minmay, xom_redecorated,
          minmay_puff

Skill      XL: |  1  2  3  4  5  6 |
---------------+-------------------+-----
Long Blades    | 2 3 |  3.8
Armour         | 2 3 |  3.1
Dodging        | 2 |  2.6
Invocations    | 3 4 5 |  5.3
Fighting       | 4 |  4.9
Shields        | 1 |  1.8

Action                   |  1- 3 |  4- 6 |  7- 9 || total
-------------------------+-------+-------+-------++-------
Melee: Falchion          |       |   145 |    63 ||   208
       Punch             |       |     2 |       ||     2
  Use: Scroll            |     1 |     1 |     2 ||     4
       Potion            |       |     3 |     1 ||     4
 Stab: Sleeping          |       |       |     1 ||     1
Armor: Leather armour    |       |    48 |    13 ||    61
Dodge: Dodged            |       |   125 |    31 ||   156

Table legend: (Time is in decaauts)
 A = Elapsed time spent in this place.
 B = Non-inter-level travel time spent in this place.
 C = Inter-level travel time spent in this place.
 D = Time resting spent in this place.
 E = Time spent auto-exploring this place.
 F = Levels seen in this place.
 G = Mean time per level.
                   A        B        C        D        E       F      G
               +--------+--------+--------+--------+--------+-----+--------+
         Total |   3285 |   3218 |     67 |     62 |   2615 |   7 |  469.3 |
       Dungeon |   3114 |   3047 |     67 |     62 |   2496 |   4 |  778.5 |
         Abyss |    171 |    171 |      0 |      0 |    119 |   3 |   57.0 |
               +--------+--------+--------+--------+--------+-----+--------+

Top non-repeatable levels by time:
     D:3: 1168 daAuts
     D:2: 1116 daAuts
     D:1: 758 daAuts
 Abyss:1: 93 daAuts
     D:4: 71 daAuts
 Abyss:3: 62 daAuts
 Abyss:2: 15 daAuts
